 Dungeon Crawl Stone Soup version 0.28-a0-1518-gbe868bca14 (webtiles) character file.

Game seed: 10840654495963396208

48 hashsling the Magician (level 3, -9/19 HPs)
             Began as a Deep Elf Hedge Wizard on Jan 16, 2022.
             Mangled by Sigmund (10 damage)
             ... on level 2 of the Dungeon.
             The game lasted 00:03:54 (1800 turns).

hashsling the Magician (Deep Elf Hedge Wizard)      Turns: 1800, Time: 00:03:55

Health: -9/19      AC:  3    Str:  7    XL:     3   Next: 50%
Magic:  6/11       EV: 12    Int: 20    God:
Gold:   65         SH:  0    Dex: 14    Spells: 1/12 levels left

rFire   . . .      SeeInvis .   a - +0 dagger
rCold   . . .      Faith    .   (no shield)
rNeg    . . .      Spirit   .   b - +0 robe
rPois   +          Reflect  .   c - +0 hat
rElec   .          Harm     .   f - +0 cloak
rCorr   .          Rampage  .   (no gloves)
Will    .....                   (no boots)
Stlth   +.........              (no amulet)
HPRegen 0.06/turn               e - ring of poison resistance
MPRegen 0.12/turn               (no ring)

@: confused
A: no striking features
a: no special abilities


You were on level 2 of the Dungeon.
You visited 1 branch of the dungeon, and saw 2 of its levels.

You collected 65 gold pieces.

Inventory:

Hand Weapons
 a - a +0 dagger (weapon)
Missiles
 h - 18 arrows
Armour
 b - a +0 robe (worn)
 c - a +0 hat (worn)
 f - a +0 cloak (worn)
Jewellery
 e - a ring of poison resistance (left hand)
Scrolls
 d - a scroll of noise {unknown}
Potions
 g - a potion of experience {unknown}
 i - a potion of invisibility {unknown}


   Skills:
 - Level 2.4 Dodging
 - Level 2.4 Stealth
 * Level 5.1 Spellcasting
 * Level 2.3 Conjurations
 + Level 1.7 Summonings
 + Level 1.8 Translocations


You had one spell level left.
You knew the following spells:

 Your Spells              Type           Power      Damage    Failure   Level
a - Magic Dart            Conj           56%        1d5       4%          1
b - Blink                 Tloc           24%        N/A       9%          2
c - Call Imp              Summ           12%        N/A       9%          2
d - Mephitic Cloud        Conj/Pois/Air  8%         N/A       26%         3
e - Conjure Flame         Conj/Fire      9%         6-21      22%         3

Your spell library contained the following spells:

 Spells                   Type           Power      Damage    Failure   Level
 Slow                     Hex            20%        N/A       12%         1


Dungeon Overview and Level Annotations

Branches:
Dungeon (2/15)

Altars:

Annotations:
D:2 Sigmund


Message History

The ball python grabs you. The ball python constricts you.
Your crimson imp barely misses the ball python.
You escape the ball python's grasp.
Your crimson imp hits the ball python.
The ball python dies!
Casting: Magic Dart (safe; 4% risk of failure)
Confirm with . or Enter, or press ? or * to list all spells.
You don't know that spell.
Casting: Magic Dart (safe; 4% risk of failure)
Confirm with . or Enter, or press ? or * to list all spells.
You don't know that spell.
Casting: Magic Dart (safe; 4% risk of failure)
Confirm with . or Enter, or press ? or * to list all spells.
The spell is potentially lethal to miscast (22% risk of failure)!
Continue anyway?
The fire begins to smoulder!
Sigmund casts a spell at you. The magic dart hits you.
Your crimson imp hits Sigmund.
A kobold comes into view. It is wielding a +1 dagger of venom.
Sigmund casts a spell at you.
You are confused.
Your crimson imp blinks!
The fire ignites!
You're too confused to cast spells.
You're too confused to cast spells.
Unknown command.
You bump into the rock wall.
The kobold barely misses you.
Sigmund casts a spell.
Sigmund flickers and vanishes!
Deactivating autopickup; reactivate with Ctrl-A.
You closely miss the kobold. The kobold hits you but does no damage.
You bump into the rock wall.
The kobold hits you with a +1 dagger of venom.
Your magical contamination has completely faded away.
You bump into the rock wall.
The kobold closely misses you. Something hits you!
Ouch! That really hurt!
* * * LOW HITPOINT WARNING * * *
x2 You bump into the rock wall.
The kobold barely misses you.
You closely miss the kobold. The kobold hits you but does no damage.
Something hits you!
Ouch! That really hurt!
You die...

#.........#
#........##
#........#
#........# #
#...[....# .#
#........# ..#
#........# ...#
##†#####.#....#
#.##.@§{'....#
#.##K##5#....#
#.##. #.# ...#
#.##. #.# ..#
#.##. #.# .#
#.##. #.# # #.
#.# #. #.#


You could see a kobold (ally target) and a friendly crimson imp (summoned).

Vanquished Creatures
  2 adders (D:2)
  A dart slug (D:1)
  2 endoplasms
  2 giant cockroaches (D:1)
  A hobgoblin (D:1)
  2 jackals (D:1)
  A ball python (D:1)
  4 bats
  A goblin (D:1)
  2 kobolds (D:1)
  3 rats
21 creatures vanquished.

Vanquished Creatures (collateral kills)
  2 worms (D:2)
  A ball python (D:2)
3 creatures vanquished.

Grand Total: 24 creatures vanquished

Notes
Turn   | Place    | Note
-------+----------+-------------------------------------------
     0 | D:1      | hashsling the Deep Elf Hedge Wizard began the quest for the
                  | Orb.
     0 | D:1      | Reached XP level 1. HP: 10/10 MP: 7/7
   756 | D:1      | Reached XP level 2. HP: 15/15 MP: 6/9
   759 | D:1      | Learned a level 2 spell: Blink
   762 | D:1      | Learned a level 2 spell: Call Imp
  1269 | D:1      | Found a faded altar of an unknown god.
  1269 | D:1      | Noticed a hellwing
  1597 | D:2      | Reached skill level 5 in Spellcasting
  1597 | D:2      | Reached XP level 3. HP: 19/19 MP: 0/11
  1748 | D:2      | Learned a level 3 spell: Mephitic Cloud
  1752 | D:2      | Learned a level 3 spell: Conjure Flame
  1789 | D:2      | Noticed Sigmund
  1800 | D:2      | Mangled by Sigmund

Illustrated notes

Levels and vault maps discovered:
D:1:      evilmike_arrival_crescent, layout_loops_ring,
          dreamdust_ecumenical_altar_sealed_demon
D:2:      layout_basic, uniq_sigmund

Skill      XL: |  1  2 |
---------------+-------+-----
Conjurations   | 2 |  2.3
Spellcasting   | 5 |  5.1
Dodging        | |  2.4
Stealth        | |  2.4
Summonings     | |  1.7
Translocations | |  1.8

Action                   || total
-------------------------++-------
Melee: Dagger            ||     5
 Cast: Magic Dart        ||    64
       Call Imp          ||     5
       Blink             ||     1
       Conjure Flame     ||     1
Armor: Robe              ||     7
Dodge: Dodged            ||    11

Table legend: (Time is in decaauts)
 A = Elapsed time spent in this place.
 B = Non-inter-level travel time spent in this place.
 C = Inter-level travel time spent in this place.
 D = Time resting spent in this place.
 E = Time spent auto-exploring this place.
 F = Levels seen in this place.
 G = Mean time per level.
                   A        B        C        D        E       F      G
               +--------+--------+--------+--------+--------+-----+--------+
         Total |   1799 |   1793 |      6 |      0 |   1619 |   2 |  899.5 |
       Dungeon |   1799 |   1793 |      6 |      0 |   1619 |   2 |  899.5 |
               +--------+--------+--------+--------+--------+-----+--------+

Top non-repeatable levels by time:
     D:1: 1364 daAuts
     D:2: 435 daAuts
